 Dungeon Crawl Stone Soup version 0.21-a0-361-g4efd3f9 (webtiles) character file.

172 gitgud the Chiller (level 5, 0/31 HPs)
             Began as an Octopode Ice Elementalist on Oct 13, 2017.
             Succumbed to an orc priest's poison
             ... on level 3 of the Dungeon.
             The game lasted 00:06:56 (3075 turns).

gitgud the Chiller (Octopode Ice Elementalist)      Turns: 3075, Time: 00:06:56

Health: 0/31       AC:  6    Str:  7    XL:     5   Next: 53%
Magic:  7/9        EV: 13    Int: 19    God:
Gold:   61         SH:  0    Dex: 12    Spells: 4/10 levels left

rFire    . . .     SeeInvis .   f - +0 dagger
rCold    . . .     Gourm    .   (no shield)
rNeg     . . .     Faith    .   (helmet restricted)
rPois    .         Spirit   .   n - amulet of magic regeneration
rElec    .         Reflect  .   (no ring)
rCorr    .         Harm     .   (no ring)
MR       .....                  (no ring)
Stlth    ++++......             (no ring)
HPRegen  0.10/turn              (no ring)
MPRegen  0.36/turn              (no ring)
                                (no ring)
                                (no ring)

@: lethally poisoned (0 -> -11), icy armour, hasted, very quick
A: almost no armour, stealthy swim, amphibious, 8 rings, constrict 8, camouflage
1, gelatinous body 1
a: no special abilities


You were on level 3 of the Dungeon.
You were not hungry.

You visited 1 branch of the dungeon, and saw 4 of its levels.

You collected 61 gold pieces.

Inventory:

Hand Weapons
 e - a +0 mace
 f - a +0 dagger (weapon)
Missiles
 c - 100 stones (quivered)
 g - 46 sling bullets
Jewellery
 n - an amulet of magic regeneration (around mantle)
Scrolls
 h - 5 scrolls of teleportation {unknown}
 i - a scroll of recharging {unknown}
 k - 2 scrolls of magic mapping {unknown}
 m - a scroll of random uselessness {unknown}
 o - 2 scrolls of remove curse
 r - a scroll of fear {unknown}
Potions
 l - a potion of might
Books
 a - a book of Frost

   Spells                             Type                      Level
   a - Freeze                         Ice                          1
   b - Throw Frost                    Conjuration/Ice              2
   c - Ozocubu's Armour               Charms/Ice                   3
   d - Throw Icicle                   Conjuration/Ice              4
   e - Summon Ice Beast               Ice/Summoning                4
Comestibles
 b - 6 bread rations
 d - a meat ration
 j - 3 royal jellies
 q - a chunk of flesh


   Skills:
 - Level 2.0 Dodging
 + Level 4.5 Stealth
 + Level 3.0 Spellcasting
 - Level 1.0 Conjurations
 * Level 4.7 Ice Magic


You had 4 spell levels left.
You knew the following spells:

 Your Spells              Type           Power        Failure   Level  Hunger
a - Freeze                Ice            ###.         2%          1    None
b - Ozocubu's Armour      Chrm/Ice       ##......     17%         3    ###....
c - Throw Frost           Conj/Ice       ##....       7%          2    ##.....


Dungeon Overview and Level Annotations

Branches:
Dungeon (4/15)
 Temple: D:4-7

Altars:
Ashenzari


Innate Abilities, Weirdness & Mutations

You cannot wear most types of armour.
You are very stealthy in the water. (Stealth+)
You are amphibious.
You can wear up to eight rings at the same time.
You can use your tentacles to constrict eight enemies at once.
Your skin changes colour to match your surroundings (Stealth+).
Your rubbery body absorbs attacks. (AC +1, EV +1)


Message History

The goblin shouts!
Found a metal-bound book.
An orc wizard comes into view. It is wielding a dagger.
Things that are here:
a dagger; a robe You hear a shout!
Okay, then.
Unknown command.
It was a potion of haste.
You feel yourself speed up.
The orc priest hits you with a trident of venom!
* * * LOW HITPOINT WARNING * * *
You are lethally poisoned!
Casting: Freeze
Confirm with . or Enter, or press ? or * to list all spells.
Aiming: Freeze
Press: ? - help, Shift-Dir - straight line, f - orc priest
Aim: an orc priest, wielding a trident of venom and wearing a leather armour You freeze the orc priest.
The orc priest is moderately wounded.
You die...

....# #.# ##.#.# #.#
..#.# #.##### #.#.#
#...... #.#.##
#.....#
#....####..##.#
#......##......
#######....#.).......
#..o@...#.#..........
#g#####.#.#.###......
#...........# ##..###
#..###...##.# #..##.
#..# #.#.##.# #..#..
o..: ..#....# ##.....
#..#.## ##. .......
#..g. . ###...> o..#
# #......


You could see an orc priest and a goblin.

Vanquished Creatures
  An orc wizard (D:3)
  Natasha (D:2)
  4 gnolls (D:3)
  3 adders
  2 worms
  A leopard gecko (D:1)
  A ball python (D:2)
  5 bats
  2 giant cockroaches
  6 goblins
  7 hobgoblins
  8 kobolds
  A quokka (D:2)
  A frilled lizard (D:1)
  7 rats
50 creatures vanquished.

Notes
Turn   | Place    | Note
-------+----------+-------------------------------------------
     0 | D:1      | gitgud the Octopode Ice Elementalist began the quest for the Orb.
     0 | D:1      | Reached XP level 1. HP: 11/11 MP: 3/3
   147 | D:1      | Reached XP level 2. HP: 12/17 MP: 0/5
   646 | D:1      | Found a shattered altar of Ashenzari.
  1038 | D:2      | Reached XP level 3. HP: 21/21 MP: 6/6
  1438 | D:2      | Learned a level 3 spell: Ozocubu's Armour
  1441 | D:2      | Learned a level 2 spell: Throw Frost
  1855 | D:2      | Noticed Natasha
  1879 | D:2      | Killed Natasha
  1879 | D:2      | Reached XP level 4. HP: 27/27 MP: 3/7
  2598 | D:3      | Reached XP level 5. HP: 25/31 MP: 3/9
  2670 | D:3      | Noticed an orc warrior
  3074 | D:3      | HP: 1/31 [orc priest/trident of venom (8)]
  3075 | D:3      | Succumbed to an orc priest's poison

Vault maps used:
D:1:      minmay_arrival_plants_in_alcoves, ashenzari_altar_1
D:2:      first_bread, hangedman_decor_peaks_small, uniq_natasha
D:4:      serial_shops, shop, nemelex_dance_club_becter, uniq_robin

Skill      XL: |  1  2  3  4  5 |
---------------+----------------+-----
Stealth        | 3 4 |  4.5
Ice Magic      | 4 |  4.7
Spellcasting   | 3 |  3.0
Dodging        | |  2.0
Conjurations   | |  1.0

Action                   |  1- 3 |  4- 6 || total
-------------------------+-------+-------++-------
Melee: Unarmed           |     2 |       ||     2
       Constrict         |    13 |     8 ||    21
       Dagger            |    46 |    32 ||    78
       Tentacles         |     5 |     4 ||     9
 Cast: Freeze            |    25 |    23 ||    48
       Ozocubu's Armour  |     3 |     5 ||     8
  Use: Scroll            |     2 |     1 ||     3
       Potion            |       |     1 ||     1
 Stab: Sleeping          |     6 |     3 ||     9
  Eat: Chunk             |     3 |     5 ||     8
Armor: Skin              |    10 |     8 ||    18
Dodge: Dodged            |    36 |    24 ||    60

Table legend:
 A = Spawn XP
 B = Non-spawn XP
 C = Spawn XP percentage of total XP
 D = Spawn monster count
 E = Non-spawn monster count
 F = Spawn count percentage of total count
 G = Total turns spent on level
                    A         B        C        D         E        F      G
               +---------+---------+-------+---------+---------+-------+---------
         Total |       0 |     247 |   0.0 |       0 |      50 |   0.0 |  3075
               +---------+---------+-------+---------+---------+-------+---------
           D:1 |       0 |      25 |   0.0 |       0 |      14 |   0.0 |   928
           D:2 |       0 |      99 |   0.0 |       0 |      24 |   0.0 |  1490
           D:3 |       0 |     123 |   0.0 |       0 |      12 |   0.0 |   548
               +---------+---------+-------+---------+---------+-------+---------
